 Dungeon Crawl Stone Soup version 0.25-a0-388-g41a7e554cb (webtiles) character file.

Game seed: 11159336334443548378, levelgen mode: deterministic

1948 night the Magician (level 8, -4/69 (70) HPs)
             Began as a Purple Draconian Venom Mage on Jan 7, 2020.
             Slain by an ogre
             ... wielding a +0 giant spiked club
              (9 damage)
             ... on level 7 of the Dungeon.
             The game lasted 00:21:52 (6735 turns).

night the Magician (Purple Draconian Venom Mage)    Turns: 6735, Time: 00:21:53

HP:   -4/69 (70)    AC:  9    Str: 10    XL:     8   Next: 98%
MP:   12/27         EV: 12    Int: 19    God:
Gold: 280           SH:  0    Dex: 11    Spells: 7/20 levels left

rFire    . . .     SeeInvis .     - Unarmed
rCold    . . .     Gourm    .   (no shield)
rNeg     . . .     Faith    .   (armour unavailable)
rPois    .         Spirit   .   (helmet restricted)
rElec    .         Reflect  .   (no cloak)
rCorr    .         Harm     .   r - +2 pair of gloves
MR       +....                  (no boots)
Stlth    +.........             (no amulet)
HPRegen  0.21/turn              f - ring of magical power
MPRegen  0.20/turn              m - ring of attention (curse)

@: no status effects
A: breathe power, unfitting armour, cold-blooded, AC +6
a: Breathe Dispelling Energy


You were on level 7 of the Dungeon.
You were not hungry.

You visited 1 branch of the dungeon, and saw 7 of its levels.

You collected 280 gold pieces.

Inventory:

Missiles
 a - 4 javelins
 h - 30 poisoned darts (quivered)
Armour
 r - a +2 pair of gloves (worn)
Jewellery
 f - a ring of magical power (left hand)
 l - an uncursed ring of see invisible
 m - a cursed ring of attention (right hand)
 o - a cursed -3 ring of intelligence {unknown}
 s - an uncursed ring of resist corrosion {unknown}
Wands
 p - a wand of flame (8)
Scrolls
 c - a scroll of blinking
 d - 3 scrolls of amnesia
 e - 4 scrolls of identify
Potions
 g - a potion of mutation
 i - a potion of ambrosia
 j - a potion of haste
 k - a potion of heal wounds
 q - a potion of lignification
Comestibles
 b - 6 rations


   Skills:
 + Level 6.1 Fighting
 - Level 1.7 Dodging
 - Level 1.7 Stealth
 + Level 5.6 Unarmed Combat
 + Level 6.9 Spellcasting
 - Level 1.0 Transmutations
 + Level 6.5 Poison Magic


You had 7 spell levels left.
You knew the following spells:

 Your Spells              Type           Power        Failure   Level  Hunger
a - Sting                 Tmut/Pois      ###.         2%          1    None
b - Poisonous Vapours     Pois/Air       ###...       4%          2    None
c - Ignite Poison         Fire/Tmut/Pois ###.....     11%         3    #......
d - Olgreb's Toxic Radia  Pois           ####....     7%          4    ###....
e - Mephitic Cloud        Conj/Pois/Air  ##......     12%         3    #......

Your spell library contained the following spells:

 Spells                   Type           Power        Failure   Level  Hunger


Dungeon Overview and Level Annotations

Branches:
Dungeon (7/15)
 Temple: D:4-7

Altars:
Nemelex Xobeh
Okawaru
Sif Muna
Wu Jian
Xom
Beogh

Shops:
D:7 (

Annotations:
D:3 3 runed translucent doors, Guilu's ghost, amateur HOFi
D:4 3 runed translucent doors, emiel's ghost, amateur FoWn
D:6 Edmund


Innate Abilities, Weirdness & Mutations

You can breathe bolts of dispelling energy.
Your rich purple scales are hard. (AC +6)
You cannot fit into any form of body armour.
You are cold-blooded and may be slowed by cold attacks.


Message History

Aiming: Mephitic Cloud (safe; 12% risk of failure)
Press: ? - help, Shift-Dir - straight line, f/p - ogre
Aim: an ogre, wielding a +0 giant spiked club (noxious fumes, lightly wounded)
The ball explodes into a vile cloud!
The stinking cloud engulfs the ogre but does no damage.
The ogre is lightly wounded.
The ogre is engulfed in noxious fumes.
The ogre appears confused.
Casting: Mephitic Cloud (safe; 12% risk of failure)
Confirm with . or Enter, or press ? or * to list all spells.
Aiming: Poisonous Vapours (safe; 4% risk of failure)
Press: ? - help, Dir - move target cursor, f/p - ogre
Aim: an ogre, wielding a +0 giant spiked club (lightly wounded, confused) Poisonous vapours surround the ogre!
The ogre is engulfed in poison gas.
The ogre is poisoned.
The ogre is engulfed in noxious fumes.
Found a scroll of remove curse.
There is a stone staircase leading up here.
The ogre says, "I'm a little confused."
The ogre hits you with a +0 giant spiked club!
You die...

?.#.#+#.#
#.#.....#
#####.#..∩..#
......#.°...#
........°...#
............#
........O...#
.......@<...#
#####+#####.#


You could see an ogre (confused).

Vanquished Creatures
  Pikel (D:6)
  Sigmund (D:5)
  Eustachio (D:6)
  4 slaves
  An ice beast (D:6)
  2 sky beasts (D:6)
  2 black bears (D:6)
  A necrophage (D:5)
  A bullfrog (D:6)
  A scorpion (D:6)
  2 centaur zombies (D:5)
  A quasit (D:6)
  2 orc wizards
  2 hounds (D:5)
  A bullfrog skeleton (D:6)
  An iguana (D:6)
  3 worker ants
  3 gnolls
  7 adders
  A shadow imp (D:5)
  An ooze (D:4)
  An adder skeleton (D:5)
  3 worms
  A dart slug (D:2)
  3 leopard geckos
  11 orcs
  2 bats (D:1)
  4 giant cockroaches
  3 hobgoblins
  16 jackals
  8 kobolds
  3 quokkas
  A ball python (D:2)
  7 frilled lizards
  8 goblins
  2 leopard gecko skeletons
  A leopard gecko zombie (D:5)
  2 quokka skeletons
  10 rats
125 creatures vanquished.

Notes
Turn   | Place    | Note
-------+----------+-------------------------------------------
     0 | D:1      | night the Draconian Venom Mage began the quest for the Orb.
     0 | D:1      | Reached XP level 1. HP: 14/14 MP: 3/3
   560 | D:1      | Reached XP level 2. HP: 22/22 MP: 1/5
   807 | D:1      | Reached skill level 1 in Fighting
  1493 | D:1      | Reached skill level 1 in Unarmed Combat
  1524 | D:1      | Reached XP level 3. HP: 18/28 MP: 4/6
  1803 | D:2      | Learned a level 3 spell: Mephitic Cloud
  1807 | D:2      | Learned a level 3 spell: Ignite Poison
  1966 | D:2      | Reached XP level 4. HP: 20/36 MP: 3/8
  2468 | D:3      | Found a runed translucent gate.
  2468 | D:3      | Found a runed translucent gate.
  2468 | D:3      | Found a runed translucent gate.
  2468 | D:3      | Noticed Guilu's ghost (amateur HOFi)
  3219 | D:3      | Reached XP level 5. HP: 34/42 MP: 5/9
  3318 | D:3      | Identified the +5 whip of Bile {flame, Dex+3}
  3318 | D:3      | Identified the +1 chain mail of Darkness {Int+4}
  3433 | D:3      | Found a roughly hewn altar of Beogh.
  4034 | D:4      | Found a shimmering blue altar of Sif Muna.
  4089 | D:4      | Found a sparkling altar of Nemelex Xobeh.
  4514 | D:4      | Found a runed translucent gate.
  4514 | D:4      | Found a runed translucent gate.
  4515 | D:4      | Found a runed translucent gate.
  4516 | D:4      | Noticed emiel's ghost (amateur FoWn)
  4516 | D:4      | Identified the +5 short sword "Fupsahan" {freeze, rElec rF+
                  | MR+ Dex-5}
  4516 | D:4      | Identified the cursed +0 chain mail of the Game Afoot
                  | {Stlth+}
  4597 | D:4      | Found a roughly hewn altar of Beogh.
  4635 | D:5      | Entered Level 5 of the Dungeon
  4657 | D:5      | Noticed a necrophage
  4689 | D:5      | Found an ornate altar of the Wu Jian Council.
  4804 | D:5      | Killed a necrophage
  4804 | D:5      | Reached XP level 6. HP: 48/50 MP: 4/11
  4897 | D:5      | Found an iron altar of Okawaru.
  5125 | D:5      | Noticed Sigmund
  5136 | D:5      | Killed Sigmund
  5136 | D:5      | Your scales start taking on a rich purple colour.
  5136 | D:5      | Reached XP level 7. HP: 48/57 MP: 2/14
  5384 | D:5      | Reached skill level 5 in Spellcasting
  5478 | D:5      | Learned a level 2 spell: Poisonous Vapours
  5483 | D:5      | Learned a level 4 spell: Olgreb's Toxic Radiance
  5710 | D:6      | Noticed Eustachio
  5725 | D:6      | Killed Eustachio
  5725 | D:6      | Reached skill level 5 in Poison Magic
  5944 | D:6      | Reached XP level 8. HP: 58/66 MP: 8/16
  5961 | D:6      | Reached skill level 5 in Fighting
  6475 | D:6      | Noticed Pikel
  6492 | D:6      | Killed Pikel
  6492 | D:6      | Reached skill level 5 in Unarmed Combat
  6523 | D:6      | Found a shimmering altar of Xom.
  6711 | D:6      | Noticed Edmund
  6712 | D:6      | Noticed a gargoyle
  6725 | D:6      | HP: 3/69 [gargoyle/stone arrow (12)]
  6729 | D:7      | Found Isuerar's Antique Weapon Boutique.
  6735 | D:7      | Slain by an ogre

Levels and vault maps discovered:
D:1:      dpeg_arrival_yet_another_circle, layout_basic, chequers_mini_garden,
          minmay_misc_feat_pillars
D:2:      layout_rooms
D:3:      layout_basic, biasface_ghost_orc_armoury
D:4:      layout_basic, grunt_temple_overflow_open, first_ration,
          biasface_ghost_orc_armoury, minmay_diced_spiral
D:5:      layout_basic, lemuel_doored_altar, lemuel_round_altar,
          hex_intersection, uniq_sigmund
D:6:      layout_cave_pools, minitemple, xom_teletrap_fun,
          minmay_temple_entry_purple_smoke, kennysheep_generic_room_10,
          uniq_eustachio, uniq_edmund, uniq_pikel
D:7:      layout_basic, ebering_ghost_disaster_area, serial_shops, shop

Skill      XL: |  1  2  3  4  5  6  7  8 |
---------------+-------------------------+-----
Fighting       | 1 2 3 4 6 |  6.1
Unarmed Combat | 1 2 3 4 5 |  5.6
Spellcasting   | 3 4 5 6 |  6.9
Poison Magic   | 4 5 6 |  6.5
Dodging        | |  1.7
Stealth        | |  1.7
Transmutations | |  1.0

Action                   |  1- 3 |  4- 6 |  7- 9 || total
-------------------------+-------+-------+-------++-------
Melee: Unarmed           |    45 |    73 |   100 ||   218
       Tailslap          |     1 |     7 |     9 ||    17
       Punch             |       |     1 |     2 ||     3
Throw: Dart              |    13 |       |       ||    13
 Cast: Sting             |    49 |    76 |    54 ||   179
       Mephitic Cloud    |     1 |     9 |     5 ||    15
       Ignite Poison     |       |     2 |     5 ||     7
       Poisonous Vapours |       |       |    12 ||    12
       Olgreb's Toxic Ra |       |       |     8 ||     8
  Use: Scroll            |       |     7 |     6 ||    13
 Stab: Confused          |       |       |     2 ||     2
  Eat: Chunk             |     4 |     8 |     6 ||    18
       Ration            |       |     1 |       ||     1
Armor: Skin              |    25 |    32 |    48 ||   105
Dodge: Dodged            |    41 |    86 |    85 ||   212

Table legend:
 A = Non-vault XP
 B = Vault XP
 C = Vault XP percentage of total XP
 D = Non-vault monster count
 E = Vault monster count
 F = Vault count percentage of total count
                 A         B        C        D         E       F
            +---------+---------+-------+---------+---------+-------
      Total |    1712 |    1071 |  38.5 |     113 |       8 |   6.6
            +---------+---------+-------+---------+---------+-------
        D:1 |      61 |       0 |   0.0 |      24 |       0 |   0.0
        D:2 |      74 |       0 |   0.0 |      19 |       0 |   0.0
        D:3 |      89 |       0 |   0.0 |      15 |       0 |   0.0
        D:4 |     104 |      21 |  16.8 |      11 |       5 |  31.2
        D:5 |     412 |     227 |  35.5 |      19 |       1 |   5.0
        D:6 |     972 |     823 |  45.8 |      25 |       2 |   7.4
            +---------+---------+-------+---------+---------+-------
